 Dungeon Crawl Stone Soup version 0.17-a0-1313-ge10e169 (webtiles) character file.

342 Sommunist the Insei (level 6, -5/56 HPs)
             Began as a Minotaur Monk on June 9, 2015.
             Slain by a gnoll
             ... wielding a +3 spear of chaos
              (7 damage)
             ... on level 4 of the Dungeon.
             The game lasted 00:06:27 (2427 turns).

Sommunist the Insei (Minotaur Monk)                 Turns: 2427, Time: 00:06:27

Health: -5/56      AC:  3    Str: 21    XL:     6   Next: 30%
Magic:  2/5        EV: 14    Int:  7    God:
Gold:   169        SH:  0    Dex: 15    Spells: 0 memorised, 5 levels left

rFire  . . .     SeeInvis .     s - +7 whip "Demonbane" {pain, Str+6}
rCold  . . .     Clarity  .     o - +0 leather armour
rNeg   . . .     SustAt   .     (no shield)
rPois  .         Gourm    .     (helmet restricted)
rElec  .         Spirit   .     (no cloak)
rCorr  .         Warding  .     (no gloves)
rMut   .         Stasis   .     (no boots)
MR     .....                    (no amulet)
Stlth  ++........               (no ring)
                                (no ring)

@: not resistant to hostile enchantments, unstealthy
A: retaliatory headbutt, horns 2
a: no special abilities


You were on level 4 of the Dungeon.
You were not hungry.

You visited 1 branch of the dungeon, and saw 4 of its levels.

You collected 169 gold pieces.

Inventory:

Hand weapons
 s - the +7 whip "Demonbane" (weapon) {pain, Str+6}
   (You found it on level 4 of the Dungeon)

   In the hands of one skilled in necromantic magic, it inflicts extra damage on
   living creatures.
   It affects your strength (+6).
Missiles
 a - 17 stones (quivered)
Armour
 o - a +0 leather armour (worn)
Magical devices
 i - a wand of slowing (19)
 k - a wand of magic darts (20)
 r - a wand of polymorph (13)
Scrolls
 c - 2 scrolls of teleportation {unknown}
 d - 2 scrolls of remove curse {unknown}
 g - 3 scrolls of identify {unknown}
 h - 2 scrolls of fog {unknown}
 l - a scroll of noise {unknown}
 q - a scroll of blinking {unknown}
Potions
 j - a potion of heal wounds {unknown}
 m - a potion of invisibility {unknown}
Comestibles
 b - 4 bread rations
 f - 5 chunks of flesh
 n - a meat ration
 p - a beef jerky


   Skills:
 + Level 5.1 Fighting
 + Level 4.6 Dodging
 + Level 3.0 Stealth
 - Level 6.0 Unarmed Combat


You had 5 spell levels left.
You didn't know any spells.

Dungeon Overview and Level Annotations

Branches:
Dungeon (4/15)
 Temple: D:4-7

Altars:
Nemelex Xobeh
Sif Muna
Trog
Zin


Innate Abilities, Weirdness & Mutations

You reflexively headbutt those who attack you in melee.
You have a pair of horns on your head.


Message History

* * * LOW HITPOINT WARNING * * *
You feel your power leaking away. The gnoll closely misses you.
The gnoll hits you from afar with a spear!
* * * LOW HITPOINT WARNING * * *
You see here a jackal corpse.
You closely miss the gnoll. Your headbutt misses the gnoll.
The gnoll misses you. The gnoll barely misses you. The gnoll misses you.
You hit the gnoll.
The gnoll is moderately wounded.
The gnoll barely misses you. You furiously retaliate!
You headbutt the gnoll, but do no damage.
The gnoll barely misses you.
The gnoll hits you from afar with a spear of chaos.
* * * LOW HITPOINT WARNING * * *
You feel your power leaking away.
You hit the gnoll.
The gnoll is heavily wounded.
The gnoll hits you with a spear of chaos!
You die...

#≈.#.. .≈⌠## ..≈≈ §g≈
. .######.## .#
.........# #..#
........g###+##..#
........gg@......+
.........#)......# ..
...###.####..##..#<..
. #. ####'##..#..# ##
hh #........+..#
##8## ...
+........#..##8...8
##..
##...###'#..##.....
#+# #...#......#_...
. +....+......##... .


You could see 3 gnolls.

Vanquished Creatures
  The ghost of tsk the Shield-Bearer, an average FoFi (D:3)
  An orc wizard (D:3)
  A worker ant (D:4)
  3 gnolls (D:4)
  4 adders
  A worm (D:2)
  3 giant geckos
  4 orcs (D:3)
  A ball python (D:1)
  10 bats
  A bat skeleton (D:4)
  10 hobgoblins
  12 jackals
  A quokka (D:3)
  3 giant cockroaches
  4 giant newts
  6 goblins
  3 kobolds
  14 rats
83 creatures vanquished.

Notes
Turn   | Place    | Note
--------------------------------------------------------------
     0 | D:1      | Sommunist the Minotaur Monk began the quest for the Orb.
     0 | D:1      | Reached XP level 1. HP: 19/19 MP: 0/0
   306 | D:1      | Reached XP level 2. HP: 10/27 MP: 1/1
   857 | D:1      | Reached XP level 3. HP: 25/33 MP: 2/2
  1157 | D:2      | Reached skill level 5 in Unarmed Combat
  1242 | D:2      | Found a bloodstained altar of Trog.
  1415 | D:2      | Reached XP level 4. HP: 31/40 MP: 3/3
  1897 | D:3      | Found a deep blue altar of Sif Muna.
  2037 | D:3      | Noticed tsk's ghost (average FoFi)
  2049 | D:3      | Killed tsk's ghost
  2049 | D:3      | Reached skill level 6 in Unarmed Combat
  2049 | D:3      | Reached XP level 5. HP: 32/47 MP: 4/4
  2055 | D:3      | Reached skill level 5 in Fighting
  2197 | D:3      | Found a sparkling altar of Nemelex Xobeh.
  2260 | D:4      | Reached XP level 6. HP: 49/56 MP: 5/5
  2283 | D:4      | Got a brightly glowing whip
  2284 | D:4      | Identified the +7 whip "Demonbane" {pain, Str+6} (You found it on level 4 of the Dungeon)
  2381 | D:4      | Found a glowing silver altar of Zin.
  2426 | D:4      | HP: 2/56 [gnoll/spear of chaos (5)]
  2427 | D:4      | Slain by a gnoll

Vault maps used:
D:1:      sevenhm_arrival_forest_fort_small_3, minmay_rat_gold_closets
D:2:      lightli_temple_of_fire, first_bread
D:3:      lemuel_crystal_altar, lemuel_round_altar, serial_bayou_pond_e
D:4:      nicolae_overflow_hidden_temple, bloody_makhleb, tgw_xom,
          nicolae_ru_awakened_eye

Action                   |  1- 3 |  4- 6 || total
-------------------------+-------+-------++-------
Melee: Unarmed           |    99 |    71 ||   170
       Whip              |       |    25 ||    25
  Use: Potion            |       |     1 ||     1
 Stab: Sleeping          |     7 |     3 ||    10
  Eat: Chunk             |     2 |     3 ||     5
